 Dungeon Crawl Stone Soup version 0.22.1-1-ga44c0e56f4 (webtiles) character file.

300201 KamiKatze the Executioner (level 20, -10/171 HPs)
             Began as a Minotaur Berserker on Nov 6, 2018.
             Was the Champion of Trog.
             Mangled by a vampire knight
             ... wielding a +0 war axe
              (20 damage)
             ... while paralysed by a vampire knight
             ... on level 1 of the Depths on Nov 7, 2018.
             The game lasted 03:27:07 (39617 turns).

KamiKatze the Executioner (Minotaur Berserker)     Turns: 39617, Time: 03:27:07

Health: -10/171    AC: 33    Str: 27    XL:     20   Next: 16%
Magic:  0/19       EV:  2    Int:  9    God:    Trog [******]
Gold:   3609       SH:  0    Dex: 16    Spells: 19/19 levels left

rFire    + + .     SeeInvis .   a - +9 battleaxe "Zuzaner" {vamp, Dex+4}
rCold    . . .     Gourm    .   (shield currently unavailable)
rNeg     . . .     Faith    .   B - +2 plate armour {rF+}
rPois    +         Spirit   +   (helmet restricted)
rElec    .         Reflect  .   h - +1 cloak
rCorr    .         Harm     .   K - +1 pair of gloves
MR       +....                  p - +0 pair of boots of the Pit {rPois rF+ Int+5}
Stlth    ..........             s - amulet of guardian spirit
HPRegen  0.38/turn              u - +4 ring of evasion
MPRegen  0.16/turn              T - +5 ring of protection

@: paralysed
A: retaliatory headbutt, horns 2, clumsy 1, frail 1
}: 2/15 runes: decaying, gossamer
a: Berserk, Trog's Hand, Brothers in Arms, Renounce Religion


You were on level 1 of the Depths.
You worshipped Trog.
Trog was exalted by your worship.
You were hungry.

You visited 8 branches of the dungeon, and saw 37 of its levels.
You also visited: Labyrinth.

You collected 4515 gold pieces.
You spent 906 gold pieces at shops.

Inventory:

Hand Weapons
 a - the +9 battleaxe "Zuzaner" (weapon) {vamp, Dex+4}
   (Trog gifted it to you on level 3 of the Vaults)

   It inflicts no extra harm, but heals its wielder when it wounds a living foe.
   It affects your dexterity (+4).
 b - a +4 executioner's axe of flaming
 q - the +5 battleaxe of Caudo {freeze, MR+ Int+2 Dex-5 SInv}
   (Trog gifted it to you on level 1 of the Lair of Beasts)

   It has been specially enchanted to freeze those struck by it, causing extra
   injury to most foes and up to half again as much damage against particularly
   susceptible opponents.
   It can also slow down cold-blooded creatures.
   It affects your intelligence (+2).
   It affects your dexterity (-5).
   It affects your resistance to hostile enchantments.
   It lets you see invisible.
 w - the +3 executioner's axe "Jugulon" {drain, rElec Int+5}
   (Trog gifted it to you on level 1 of the Orcish Mines)

   A truly terrible weapon, it drains the life of those it strikes.
   It affects your intelligence (+5).
   It insulates you from electricity.
Missiles
 z - 2 throwing nets (quivered)
 C - 17 javelins
Armour
 h - a +1 cloak (worn)
 p - the +0 pair of boots of the Pit (worn) {rPois rF+ Int+5}
   (You bought it in a shop on level 2 of the Orcish Mines)

   It affects your intelligence (+5).
   It protects you from fire.
   It protects you from poison.
 B - a +2 plate armour of fire resistance (worn)
 K - a +1 pair of gloves (worn)
Jewellery
 m - the ring "Kivubuomp" {+Fly Dex+5 Stlth+}
   (You took it off a minotaur in a labyrinth)

   [ring of flight]

   It affects your dexterity (+5).
   It lets you fly.
   It makes you more stealthy.
 o - an uncursed ring of resist corrosion
 s - an amulet of guardian spirit (around neck)
 u - a +4 ring of evasion (left hand)
 O - an uncursed ring of ice
 T - a +5 ring of protection (right hand)
Wands
 n - a wand of flame (34)
 E - a wand of digging (10)
 G - a wand of scattershot (5)
 H - a wand of iceblast (29)
 P - a wand of disintegration (42)
 R - a wand of clouds (12)
Scrolls
 d - 14 scrolls of remove curse
 g - 3 scrolls of holy word
 i - 7 scrolls of teleportation
 j - 5 scrolls of magic mapping
 t - 3 scrolls of fear
 y - 2 scrolls of silence
 A - 10 scrolls of identify
 J - a scroll of fog
 M - 5 scrolls of blinking
Potions
 f - 14 potions of curing
 l - 5 potions of might
 v - 2 potions of ambrosia
 x - 3 potions of haste
 D - 4 potions of cancellation
 F - 3 potions of heal wounds
 I - 9 potions of lignification
 L - 7 potions of flight
 N - a potion of invisibility
 Q - a potion of resistance
 V - 3 potions of agility
 W - a potion of berserk rage
Comestibles
 c - 58 rations
 k - 13 chunks of flesh


   Skills:
 + Level 19.2 Fighting
 * Level 25.2 Axes
 + Level 19.0 Armour
 + Level 17.7 Dodging


You had 19 spell levels left.
You didn't know any spells.
Your spell library was empty.

Dungeon Overview and Level Annotations

Branches:
Dungeon (15/15)            Temple (1/1) D:4            Lair (6/6) D:11
  Swamp (4/4) Lair:3       Spider (4/4) Lair:4        Slime (0/5) Lair:6
    Orc (2/2) D:10            Elf (0/3) Orc:2        Vaults (4/5) D:14
  Crypt (0/3) Vaults:3     Depths (1/5) D:15

Altars:
Ashenzari
Cheibriados
Dithmenos
Elyvilon
Fedhas
Gozag
Hepliaklqana
Kikubaaqudgha
Makhleb
Nemelex Xobeh
Okawaru
Qazlal
Ru
Sif Muna
Trog
Uskayaw
Vehumet
Wu Jian
Xom
Yredelemnul
Zin
The Shining One
Beogh

Shops:
D:13 (=   Orc:2 (([[   Vaults:1 (   Vaults:2 (**}%   Vaults:4 (

Portals:
Trove: D:12 (give +3 gold dragon scales)

Annotations:
Lair:4 Mjsee792's ghost, journeyman MiBe
Spider:3 2 transporters
Spider:4 1 runed door, Morrissey's ghost, adept DrBe


Innate Abilities, Weirdness & Mutations

You reflexively headbutt those who attack you in melee.
You have a pair of horns on your head.
You are clumsy. (Dex -2)
You are frail. (-10% HP)


Message History

You easily resist.
The vampire knight hits you with a war axe!
* * * LOW HITPOINT WARNING * * *
The vampire knight bites you.
* * * LOW HITPOINT WARNING * * *
The vampire knight draws strength from your injuries!
Something hits you but does no damage. Something hits you.
* * * LOW HITPOINT WARNING * * *
Something bites you but does no damage.
The deep elf annihilator casts a spell.
The deep elf annihilator blinks!
Something hits you but does no damage. Something hits you!!
* * * LOW HITPOINT WARNING * * *
Something bites you.
* * * LOW HITPOINT WARNING * * *
Something draws strength from your injuries!
The vampire knight hits you but does no damage.
The vampire knight bites you but does no damage.
The vampire knight hits you with a war axe!!
You die...

## ###.###### #####
##........###...#
##...............#######
......[....^.^......... .
#.....†...^_^.........
...+..)†.>....^^.........
......{V{.†..../.........
.....T{V@...#########'###
......§{##### #.#
...L...i #.# ⌠2.T###e #..
...# #. ### ... #. ## #.
#.


You could see an ancient lich, a balrug, 2 vampire knights, a deep elf
annihilator, a spriggan air mage and 2 deep troll earth magi.

Vanquished Creatures
  Boris (Vaults:3)
  A bone dragon (Vaults:3)
  A lich (Vaults:3)
  The ghost of Reogah the Impaler, an adept MfBe of Trog (Vaults:3)
  A tentacled monstrosity (Vaults:4)
  2 sphinxes (Vaults:4)
  2 thorn hunters
  A tengu reaver (Vaults:3)
  2 fire giants
  2 ghost moths
  Louise (Swamp:3)
  A frost giant (Vaults:3)
  8 vault wardens
  8 emperor scorpions
  A very ugly thing (Vaults:4)
  11 ironheart preservers
  6 stone giants
  7 entropy weavers
  2 vampire knights (Depths:1)
  2 deep elf demonologists
  A minotaur (Lab)
  A dire elephant (Lair:6)
  3 deep elf annihilators
  The ghost of housinr the Cleaver, a journeyman MiBe of Trog (Lair:1)
  3 ettins
  5 fire dragons
  Josephine (D:14)
  5 great orbs of eyes
  15 vault guards
  7 yaktaur captains
  6 ogre magi
  4 ice dragons
  3 catoblepae
  9 hydras
  3 ghost crabs
  Erica (D:11)
  7 centaur warriors
  10 two-headed ogres
  A death knight (Vaults:4)
  5 alligators
  5 deep troll earth magi (Depths:1)
  3 tengu warriors
  A queen ant (Lair:5)
  3 death yaks (Lair:6)
  An orc high priest (Orc:2)
  A deep elf knight (Vaults:2)
  A shadow wraith (Vaults:3)
  6 skeletal warriors
  4 spriggan druids
  A flayed ghost (Vaults:4)
  5 unseen horrors
  An unseen horror (shapeshifter) (Vaults:1)
  4 wizards
  7 deep trolls
  4 swamp dragons
  A glowing orange brain (Vaults:4)
  A shambling mangrove (Swamp:3)
  Pikel (D:6)
  3 harpies (Vaults:1)
  2 lindwurms (Lair:6)
  8 ironbrand convokers
  15 orb spiders
  7 deep elf archers
  3 necromancers
  13 orc knights
  22 deep elf magi
  A cyclops (shapeshifter) (D:15)
  27 wolf spiders
  4 cyclopes
  6 manticores
  5 orc sorcerers
  36 ugly things
  A fire giant zombie (Vaults:4)
  A fire giant skeleton (Vaults:4)
  2 black mambas (Lair:6)
  A guardian serpent (shapeshifter) (Vaults:3)
  3 moths of wrath
  A salamander (shapeshifter) (Vaults:4)
  13 vault sentinels
  A black mamba (shapeshifter) (Depths:1)
  2 elephants (Lair:6)
  16 spiny frogs
  2 gargoyles
  6 torpor snails
  10 komodo dragons
  31 yaktaurs
  5 rime drakes
  An efreet (D:15)
  13 demonic crawlers
  8 freezing wraiths
  2 tengu conjurers (Depths:1)
  3 trolls
  2 trolls (shapeshifter)
  4 polar bears (Lair:3)
  6 meliai
  A polar bear (shapeshifter) (Vaults:1)
  14 hornets
  33 jumping spiders
  3 bog bodies
  9 tyrant leeches
  7 dream sheep
  38 slime creatures
  A hippogriff (shapeshifter) (Vaults:1)
  3 human simulacra (Vaults:1)
  11 hippogriffs
  11 blink frogs
  A snapping turtle (shapeshifter) (Vaults:1)
  A meliai zombie (D:13)
  A spriggan (shapeshifter) (Vaults:4)
  A spriggan (D:7)
  34 tarantellas
  An ettin skeleton (Vaults:4)
  2 shadows
  72 redbacks
  A tarantella (shapeshifter) (Vaults:1)
  26 yaks
  6 wraiths
  4 wyverns
  A vampire (D:14)
  A hog (shapeshifter) (Vaults:4)
  A fire bat (shapeshifter) (Vaults:4)
  4 basilisks
  A steam dragon (Lair:6)
  4 swamp worm simulacra (Swamp:4)
  4 hungry ghosts
  26 vampire mosquitoes
  21 insubstantial wisps
  14 water moccasins
  13 swamp worms
  13 wargs
  16 hydra simulacra (Swamp:4)
  17 soldier ants
  3 acid dragons
  5 porcupines
  Duvessa (D:6)
  9 swamp drakes
  8 ice beasts
  46 orc warriors
  3 slaves (D:6)
  A necrophage (D:12)
  29 ogres
  An eye of draining (D:14)
  A phantom (D:4)
  6 sky beasts
  8 wolves
  23 centaurs
  12 crocodiles
  3 human skeletons (Vaults:1)
  3 big kobolds
  10 bullfrogs
  A glowing shapeshifter simulacrum (Vaults:1)
  2 gnoll sergeants
  A wyvern zombie (D:12)
  Dowan (D:6)
  3 scorpions
  A wyvern skeleton (D:10)
  An orc simulacrum (Vaults:1)
  3 killer bees (D:8)
  5 howler monkeys
  3 electric eels
  A bullfrog zombie (D:9)
  7 crimson imps
  2 centaur zombies
  5 jellies
  25 orc priests
  A bullfrog skeleton (D:11)
  8 hounds
  28 orc wizards
  A centaur skeleton (D:4)
  29 worker ants
  6 iguanas
  2 hound zombies
  A howler monkey zombie (D:10)
  A worker ant zombie (D:5)
  12 adders
  13 gnolls
  4 shadow imps
  4 swamp drake simulacra (Swamp:4)
  An ooze (D:3)
  An adder zombie (D:7)
  An adder skeleton (D:4)
  6 worms
  2 dart slugs
  5 leopard geckos
  105 orcs
  A giant cockroach (D:6)
  3 hobgoblins
  11 jackals
  5 quokkas
  2 ball pythons
  7 bats
  3 frilled lizards
  4 goblins
  19 kobolds
  7 rats
  A bush (D:2)
  3 fungi
  5 plants
1440 creatures vanquished.

Vanquished Creatures (others)
  2 hydras
  3 alligators (Swamp:4)
  An unseen horror (D:14)
  A redback (Spider:3)
  4 fungi
  7 plants
18 creatures vanquished.

Grand Total: 1458 creatures vanquished

Notes
Turn   | Place    | Note
-------+----------+-------------------------------------------
     0 | D:1      | KamiKatze the Minotaur Berserker began the quest for the
                  | Orb.
     0 | D:1      | Reached XP level 1. HP: 19/19 MP: 0/0
    70 | D:1      | Reached XP level 2. HP: 13/27 MP: 1/1
   624 | D:2      | Reached skill level 4 in Axes
  1008 | D:2      | Reached XP level 3. HP: 30/33 MP: 2/2
  1281 | D:2      | Reached ** piety under Trog
  1607 | D:2      | Reached XP level 4. HP: 35/40 MP: 3/3
  2248 | D:3      | Reached skill level 5 in Axes
  2250 | D:3      | Reached XP level 5. HP: 7/47 MP: 4/4
  2874 | D:4      | Noticed a phantom
  2964 | D:4      | Killed a phantom
  2964 | D:4      | Reached skill level 5 in Fighting
  2964 | D:4      | Reached skill level 6 in Axes
  2964 | D:4      | Reached XP level 6. HP: 29/56 MP: 5/5
  3261 | D:4      | Found a staircase to the Ecumenical Temple.
  3270 | Temple   | Entered the Ecumenical Temple
  3462 | D:5      | Entered Level 5 of the Dungeon
  3655 | D:5      | Reached XP level 7. HP: 52/61 MP: 6/6
  3689 | D:5      | Reached skill level 7 in Axes
  3916 | D:6      | Noticed Duvessa
  3930 | D:6      | Reached skill level 5 in Armour
  3932 | D:6      | Noticed Dowan
  4139 | D:6      | Reached *** piety under Trog
  4227 | D:6      | Reached skill level 5 in Dodging
  4252 | D:6      | Reached skill level 8 in Axes
  4252 | D:6      | Reached XP level 8. HP: 50/70 MP: 7/7
  4268 | D:6      | Killed Duvessa
  4275 | D:6      | Killed Dowan
  4377 | D:6      | Noticed Pikel
  4397 | D:6      | Killed Pikel
  4397 | D:6      | Reached skill level 9 in Axes
  4687 | D:7      | Reached XP level 9. HP: 74/79 MP: 8/8
  4828 | D:7      | Reached skill level 10 in Axes
  5411 | D:7      | Reached **** piety under Trog
  5625 | D:7      | Found a glowing golden altar of the Shining One.
  5801 | D:8      | Reached skill level 11 in Axes
  6042 | D:8      | Found a shadowy altar of Dithmenos.
  6337 | D:8      | Reached XP level 10. HP: 90/90 MP: 9/9
  6373 | D:8      | Noticed a two-headed ogre
  6384 | D:8      | Killed a two-headed ogre
  6469 | D:9      | Found a white marble altar of Elyvilon.
  6669 | D:9      | Reached ***** piety under Trog
  6728 | D:9      | Reached skill level 12 in Axes
  7195 | D:10     | Entered Level 10 of the Dungeon
  7314 | D:10     | Found a staircase to the Orcish Mines.
  7343 | D:10     | Noticed a two-headed ogre
  7701 | D:10     | Noticed a gargoyle
  7768 | D:11     | HP: 4/92 [centaur/arrow (2)]
  8142 | D:10     | Received a gift from Trog
  8221 | D:10     | Killed a gargoyle
  8241 | D:10     | Reached XP level 11. HP: 80/99 MP: 10/10
  8348 | D:11     | Reached skill level 13 in Axes
  8413 | D:11     | Reached skill level 10 in Fighting
  8420 | D:11     | Found a staircase to the Lair.
  8612 | D:11     | Noticed Erica
  8651 | D:11     | Received a gift from Trog
  8668 | D:11     | Killed Erica
  8685 | D:11     | Got an ebony broad axe {god gift}
  8687 | D:11     | Identified the +2 broad axe "Blob" {speed, rElec rPois
                  | Int+2 Stlth-} (Trog gifted it to you on level 11 of the
                  | Dungeon)
  8736 | D:11     | Reached skill level 10 in Armour
  8790 | D:11     | Killed an unseen horror
  9183 | D:12     | Found a portal to a secret trove of treasure.
  9267 | D:12     | Reached skill level 14 in Axes
  9381 | D:12     | Noticed a deep elf mage
  9382 | D:12     | Noticed a deep elf mage
  9383 | D:12     | Noticed a deep elf mage
  9383 | D:12     | Noticed a deep elf mage
  9384 | D:12     | Noticed a deep elf mage
  9384 | D:12     | Noticed a deep elf mage
  9385 | D:12     | Noticed a deep elf mage
  9385 | D:12     | Noticed a deep elf mage
  9390 | D:12     | Killed a deep elf mage
  9393 | D:12     | Killed a deep elf mage
  9396 | D:12     | Killed a deep elf mage
  9399 | D:12     | Noticed a deep elf mage
  9401 | D:12     | Killed a deep elf mage
  9414 | D:12     | Killed a deep elf mage
  9421 | D:12     | Killed a deep elf mage
  9421 | D:12     | Reached XP level 12. HP: 69/110 MP: 11/11
  9424 | D:12     | Reached skill level 10 in Dodging
  9809 | Lair:1   | Entered Level 1 of the Lair of Beasts
  9852 | Lair:1   | Reached skill level 15 in Axes
  9855 | Lair:1   | Received a gift from Trog
  9870 | Lair:1   | Got a crude battleaxe {god gift}
  9871 | Lair:1   | Identified the +5 battleaxe of Caudo {freeze, MR+ Int+2
                  | Dex-5 SInv} (Trog gifted it to you on level 1 of the Lair
                  | of Beasts)
 10045 | Lair:1   | Noticed housinr's ghost (journeyman MiBe)
 10051 | Lair:1   | Found a runed gate.
 10051 | Lair:1   | Found a runed gate.
 10051 | Lair:1   | Found a runed gate.
 10845 | Lair:2   | Noticed a catoblepas
 10870 | Lair:2   | Killed a catoblepas
 11792 | Lair:3   | Found a staircase to the Swamp.
 11941 | Lair:4   | Noticed a catoblepas
 11952 | Lair:4   | Killed a catoblepas
 11952 | Lair:4   | Reached skill level 16 in Axes
 11959 | Lair:4   | Found a labyrinth entrance.
 11974 | Lab      | Entered a labyrinth
 12425 | Lab      | Noticed a minotaur
 12431 | Lab      | Killed a minotaur
 12433 | Lab      | Got a bound ivory ring
 12434 | Lab      | Got a translucent broad axe {venom}
 12475 | Lab      | Identified the cursed +3 broad axe "Kimotri" {venom, +Inv}
                  | (You took it off a minotaur in a labyrinth)
 12485 | Lab      | Identified Qeon's Collected Works on the Igneous Snowflakes
 12564 | Lair:4   | Found a hole to the Spider Nest.
 12590 | Lair:4   | Reached XP level 13. HP: 86/118 MP: 12/12
 13482 | Lair:5   | Received a gift from Trog
 13821 | Lair:5   | Noticed an entropy weaver
 13837 | Lair:5   | Noticed an entropy weaver
 13847 | Lair:5   | Killed an entropy weaver
 13861 | Lair:5   | Killed an entropy weaver
 13879 | Lair:5   | Reached skill level 17 in Axes
 14038 | Lair:5   | Identified the ring "Kivubuomp" {+Fly Dex+5 Stlth+} (You
                  | took it off a minotaur in a labyrinth)
 14339 | Lair:6   | Entered Level 6 of the Lair of Beasts
 14645 | Lair:6   | Reached ****** piety under Trog
 14662 | Lair:6   | Found a staircase to the Slime Pits.
 15143 | Lair:6   | Received a gift from Trog
 15160 | Lair:6   | Found a white marble altar of Elyvilon.
 15269 | Lair:6   | Reached XP level 14. HP: 93/129 MP: 7/13
 15594 | Lair:6   | Got a transparent chain mail
 15605 | Lair:6   | Identified the +4 chain mail "Ydol" {Stlth+} (You found it
                  | on level 6 of the Lair of Beasts)
 15646 | Lair:6   | Reached skill level 18 in Axes
 16482 | Lair:1   | Killed housinr's ghost
 16714 | Orc:1    | Entered Level 1 of the Orcish Mines
 16763 | Orc:1    | Received a gift from Trog
 16774 | Orc:1    | Got a translucent executioner's axe {god gift}
 16807 | Orc:1    | Identified the +3 executioner's axe "Jugulon" {drain, rElec
                  | Int+5} (Trog gifted it to you on level 1 of the Orcish
                  | Mines)
 16810 | Orc:1    | Found a roughly hewn altar of Beogh.
 17093 | Orc:1    | You fall through a shaft!
 17093 | Orc:2    | Entered Level 2 of the Orcish Mines
 17560 | Orc:2    | Received a gift from Trog
 18599 | Orc:2    | Found a staircase to the Elven Halls.
 18733 | Orc:2    | Found Vyal's Antique Armour Emporium.
 18733 | Orc:2    | Found Kamiack's Antique Weapon Boutique.
 18735 | Orc:2    | Found Hufeipy's Armour Shoppe.
 18737 | Orc:2    | Found Bihyarey's Antique Weapon Shop.
 18745 | Orc:2    | Bought a runed scarf for 192 gold pieces
 19311 | D:13     | Reached skill level 19 in Axes
 19316 | D:13     | Received a gift from Trog
 19358 | D:13     | Got a smoking battleaxe {god gift}
 19359 | D:13     | Identified the +9 battleaxe of Starshine {venom, rF+ rC-
                  | Int+4 Dex+3} (Trog gifted it to you on level 13 of the
                  | Dungeon)
 19418 | D:13     | Found Bituw's Weapon Shoppe.
 19527 | D:13     | Found Towunilo's Jewellery Shoppe.
 19840 | D:14     | Reached XP level 15. HP: 120/139 MP: 10/14
 19871 | D:14     | Found a gate to the Vaults.
 19894 | D:15     | Entered Level 15 of the Dungeon
 19936 | D:15     | Found a staircase to the Depths.
 19936 | D:15     | Noticed a fire giant
 19955 | D:15     | Killed a fire giant
 20107 | D:14     | Noticed Josephine
 20206 | D:14     | Killed Josephine
 21510 | Swamp:1  | Entered Level 1 of the Swamp
 21636 | Swamp:1  | Noticed a thorn hunter
 21651 | Swamp:1  | Killed a thorn hunter
 21768 | Swamp:1  | Reached skill level 15 in Fighting
 21794 | Swamp:1  | Received a gift from Trog
 22404 | Swamp:2  | Reached skill level 20 in Axes
 22639 | Swamp:2  | Reached skill level 15 in Armour
 22998 | Swamp:2  | Received a gift from Trog
 23770 | Swamp:3  | Noticed Louise
 23782 | Swamp:3  | Killed Louise
 23782 | Swamp:3  | Reached XP level 16. HP: 100/149 MP: 15/15
 24284 | Swamp:4  | Entered Level 4 of the Swamp
 24293 | Swamp:4  | Noticed a thorn hunter
 24302 | Swamp:4  | Killed a thorn hunter
 25355 | Swamp:4  | Received a gift from Trog
 25878 | Swamp:4  | Got a decaying rune of Zot
 26198 | Spider:1 | Entered Level 1 of the Spider Nest
 26303 | Lair:4   | Reached skill level 21 in Axes
 26688 | Orc:2    | Bought the +0 pair of boots of the Pit {rPois rF+ Int+5}
                  | for 464 gold pieces
 27006 | Spider:1 | Found a runed door.
 27011 | Spider:1 | Noticed Mjsee792's ghost (journeyman MiBe)
 27206 | Spider:1 | Received a gift from Trog
 29528 | Spider:3 | Reached skill level 15 in Dodging
 29584 | Spider:3 | Reached XP level 17. HP: 60/159 MP: 10/16
 29794 | Spider:3 | Found a transporter.
 29867 | Spider:3 | Received a gift from Trog
 30021 | Spider:3 | Found a transporter.
 30206 | Spider:4 | Entered Level 4 of the Spider Nest
 30612 | Spider:4 | Found a runed door.
 30613 | Spider:4 | Found a shimmering altar of Xom.
 30613 | Spider:4 | Noticed Morrissey's ghost (adept DrBe)
 30647 | Spider:4 | Reached skill level 22 in Axes
 31201 | Spider:4 | Received a gift from Trog
 31947 | Spider:4 | Got a gossamer rune of Zot
 32278 | Vaults:1 | Entered Level 1 of the Vaults
 33050 | Vaults:1 | Received a gift from Trog
 33070 | Vaults:1 | Reached XP level 18. HP: 130/170 MP: 17/17
 33424 | Vaults:1 | Found Nakuw's Weapon Boutique.
 33857 | Vaults:2 | Found Myir's Food Shoppe.
 33882 | Vaults:2 | Found Yhifyipn's Gadget Shoppe.
 33883 | Vaults:2 | Found Nirit's General Store.
 33886 | Vaults:2 | Found Luiklenk's Assorted Antiques.
 33902 | Vaults:2 | Reached skill level 23 in Axes
 33928 | Vaults:2 | Bought a thick jade amulet for 180 gold pieces
 33945 | Vaults:2 | Bought a potion of heal wounds for 70 gold pieces
 34791 | Vaults:2 | Received a gift from Trog
 35618 | Vaults:2 | Found Buokorop's Antique Weapon Boutique.
 35808 | Vaults:3 | Noticed a lich
 35808 | Vaults:3 | Received a gift from Trog
 35813 | Vaults:3 | Killed a lich
 36001 | Vaults:3 | Found a runed door.
 36002 | Vaults:3 | Noticed Reogah's ghost (adept MfBe)
 36567 | Vaults:3 | Noticed a bone dragon
 36569 | Vaults:3 | Found a staircase to the Crypt.
 36587 | Vaults:3 | Killed a bone dragon
 36629 | Vaults:3 | Noticed Boris
 36834 | Vaults:3 | Received a gift from Trog
 36853 | Vaults:3 | Got an ebony battleaxe {god gift}
 37021 | Vaults:3 | Identified the +9 battleaxe "Zuzaner" {vamp, Dex+4} (Trog
                  | gifted it to you on level 3 of the Vaults)
 37137 | Vaults:3 | Killed Boris
 37137 | Vaults:3 | Reached XP level 19. HP: 139/179 MP: 12/18
 37318 | Vaults:3 | Gained mutation: You are frail. (-10% HP) [a Zot trap]
 37318 | Vaults:3 | Gained mutation: You are clumsy. (Dex -2) [a Zot trap]
 37396 | Vaults:3 | Killed Reogah's ghost
 37396 | Vaults:3 | Reached skill level 24 in Axes
 38004 | Vaults:4 | Found Cuufrei's Antique Weapon Emporium.
 38028 | Vaults:4 | Received a gift from Trog
 38786 | Vaults:4 | Received a gift from Trog
 39432 | Depths:1 | Entered Level 1 of the Depths
 39448 | Depths:1 | Reached skill level 25 in Axes
 39470 | Depths:1 | Reached XP level 20. HP: 165/171 MP: 17/19
 39557 | Depths:1 | Found a shimmering altar of Xom.
 39596 | Depths:1 | Paralysed by something for 3 turns
 39612 | Depths:1 | Paralysed by something for 7 turns
 39613 | Depths:1 | Noticed an ancient lich
 39617 | Depths:1 | Mangled by a vampire knight

Skill      XL: |  1  2  3  4  5  6  7  8  9 10 11 12 13 14 15 16 17 18 19 20 |
---------------+-------------------------------------------------------------+-----
Axes           | 4 5 6 8 9 11 12 14 16 17 19 20 21 22 23 25 | 25.2
Fighting       | 4 5 6 7 8 9 11 12 13 14 15 16 17 18 19 | 19.2
Armour         | 3 4 5 6 8 9 10 11 13 14 15 16 17 18 19 | 19.0
Dodging        | 3 4 5 6 7 8 9 11 12 13 14 15 16 17 | 17.7

Action                   |  1- 3 |  4- 6 |  7- 9 | 10-12 | 13-15 | 16-18 | 19-21 || total
-------------------------+-------+-------+-------+-------+-------+-------+-------++-------
Melee: Hand axe          |   110 |   224 |   364 |   203 |       |       |       ||   901
       Headbutt          |    28 |    74 |    66 |   152 |   282 |   304 |   125 ||  1031
       War axe           |       |       |       |   141 |    30 |       |       ||   171
       Flail             |       |       |       |     3 |       |       |       ||     3
       Broad axe         |       |       |       |   379 |   720 |       |       ||  1099
       Battleaxe         |       |       |       |     5 |   491 |  1357 |   446 ||  2299
       Executioner's axe |       |       |       |       |    82 |   114 |       ||   196
Invok: Berserk           |       |     1 |     3 |     3 |     1 |     2 |       ||    10
       Trog's Hand       |       |       |       |     4 |     6 |     8 |     2 ||    20
Evoke: Wand              |       |       |       |     1 |       |    67 |     1 ||    69
  Use: Scroll            |       |     9 |     2 |    18 |     6 |     4 |       ||    39
       Potion            |       |       |       |     1 |     3 |     3 |       ||     7
 Stab: Confused          |       |       |       |       |     1 |       |       ||     1
  Eat: Chunk             |     2 |     7 |    17 |    24 |    36 |    29 |     6 ||   121
       Ration            |       |       |       |     1 |     2 |     8 |       ||    11
Armor: Animal skin       |     5 |       |       |       |       |       |       ||     5
       Leather armour    |    24 |     3 |       |       |       |       |       ||    27
       Ring mail         |       |    14 |       |       |       |       |       ||    14
       Scale mail        |       |    26 |       |       |       |       |       ||    26
       Chain mail        |       |     8 |   111 |    42 |       |       |       ||   161
       Plate armour      |       |       |    43 |   329 |   506 |   857 |   251 ||  1986
       Ice dragon scales |       |       |       |       |       |     1 |       ||     1
Dodge: Dodged            |    60 |   101 |   163 |   414 |   769 |  1067 |   364 ||  2938
